AoeStats
← BigAttack

Arena

510610734Analyzed
2v2 RM · 1d ago on Oct 1, 2026· 55m 7s· 4 players
Game mode
Random Map
Map size
Medium (4 player)
Population
200
Speed
Normal
Resources
Standard
Victory
Conquest
Starting age
Dark Age
Ending age
Imperial Age
RankedLock teamsTeams togetherTeam positionsShared explorationLock speedFull tech treeHidden civsTurbo modeCheats
Victory
Defeat
🇬🇧 Franks · United Kingdom
871
+16
🇪🇸 Spanish · Spain
867
+16
🇩🇪 Celts · Germany
878
-16
🇩🇪 Ethiopians · Germany
871
-16
OLVIDADO2538
0:30 Loom
11:10 Feudal Age
11:36 Double-Bit Axe
11:36 Horse Collar
12:33 Wheelbarrow
11:52 Gold Mining
20:11 Castle Age
18:05 Stone Mining
23:46 Fletching
24:23 Thumb Ring
24:38 Bow Saw
24:43 Heavy Plow
25:59 Town Watch
26:49 Hand Cart
26:04 Elite Skirmisher
27:27 Bodkin Arrow
33:19 Imperial Age
35:02 Two-Man Saw
34:27 Ballistics
35:08 Chemistry
34:39 Squires
34:25 Gambesons
34:00 Pikeman
34:47 Bracer
34:48 Padded Archer Armor
35:47 Conscription
35:50 Supremacy
38:49 Leather Archer Armor
38:57 Arson
43:45 Ring Archer Armor
43:26 Forging
43:16 Scale Mail Armor
43:25 Scale Barding Armor
43:53 Halberdier
47:37 Bloodlines
47:27 Husbandry
46:48 Light Cavalry
46:49 Cavalier
47:48 Chain Mail Armor
48:10 Iron Casting
47:55 Chain Barding Armor
47:38 Caravan
53:27 Supremacy
54:09 Blast Furnace
53:39 Plate Mail Armor
53:45 Plate Barding Armor
t.f.blanchard
9:48 Feudal Age
11:29 Double-Bit Axe
15:02 Wheelbarrow
17:09 Castle Age
15:29 Gold Mining
18:26 Scale Barding Armor
19:11 Bow Saw
20:29 Chain Barding Armor
21:51 Hand Cart
26:03 Gold Shaft Mining
27:11 Fletching
28:45 Forging
32:02 Imperial Age
30:53 Iron Casting
33:13 Cavalier
34:08 Bodkin Arrow
36:13 Chemistry
35:01 Paladin
38:50 Stone Mining
39:16 Fortified Wall
39:31 Ballistics
41:51 Plate Barding Armor
48:03 Pikeman
Kingslayer
11:48 Feudal Age
12:28 Double-Bit Axe
14:29 Wheelbarrow
17:08 Castle Age
18:10 Bow Saw
17:55 Horse Collar
19:36 Crossbowman
21:05 Gold Mining
21:37 Fletching
24:03 Stone Mining
24:49 Ballistics
24:21 Loom
24:22 Town Watch
25:24 Fervor
25:20 Squires
31:44 Stone Shaft Mining
31:54 Hand Cart
32:32 Scale Mail Armor
37:34 Imperial Age
35:42 Gold Shaft Mining
35:04 Murder Holes
35:21 Masonry
36:08 Fortified Wall
36:05 Heavy Plow
38:46 Architecture
39:40 Chemistry
40:36 Heavy Camel Rider
41:17 Husbandry
42:41 Scale Barding Armor
42:47 Forging
43:25 Cavalier
44:34 Conscription
47:54 Chain Barding Armor
48:10 Iron Casting
49:17 Bodkin Arrow
50:27 Halberdier
51:31 Siege Engineers
54:43 Elite Skirmisher
BigAttack
11:55 Feudal Age
13:19 Wheelbarrow
12:32 Double-Bit Axe
12:30 Horse Collar
13:43 Gold Mining
17:31 Man-at-Arms
23:19 Castle Age
21:05 Loom
21:06 Town Watch
21:47 Scale Mail Armor
21:58 Forging
22:43 Arson
24:24 Hand Cart
24:43 Hand Cart
24:14 Town Watch
25:06 Iron Casting
24:47 Chain Mail Armor
24:52 Bow Saw
26:55 Gold Shaft Mining
25:57 Long Swordsman
27:10 Gambesons
29:27 Town Patrol
33:50 Fervor
36:49 Imperial Age
36:02 Stone Mining
36:56 Ballistics
36:47 Masonry
37:42 Two-Handed Swordsman
38:54 Plate Mail Armor
39:25 Blast Furnace
37:54 Capped Ram
38:53 Heavy Plow
39:36 Champion
43:39 Fletching
43:49 Murder Holes
44:54 Chemistry
Connection lost

Rejoining the realm…

Still unreachable

The connection could not be restored.

Session expired

The server has moved on; the page needs a fresh start.